[Event "ICC tourney 2889 (30 10)"]
[Site "Internet Chess Club"]
[Date "2022.04.23"]
[Round "4"]
[White "Romanyuk, Nikita:NikitaR"]
[Black "VOLOSHIN, VANYA:Vanya-long"]
[Result "0-1"]
[ICCResult "White checkmated"]
[WhiteElo "1070"]
[BlackElo "812"]
[Opening "Scotch game"]
[ECO "C45"]
[NIC "SO.05"]
[Time "18:01:16"]
[PlyCount "160"]
[TimeControl "1800+10"]

1. e4 e5 2. Nf3 Nc6 3. d4 exd4 4. Nxd4 Bc5 5. Be3 Qf6 6. c3 Nge7 7. Be2 O-O
8. O-O Bb6 9. f4 d6 10. Na3 Re8 11. Nc4 Bd7 12. Nxb6 axb6 13. a3 Ng6 14. Bd3
Qe7 15. Re1 f6 16. Bd2 Qf8 17. f5 Nge5 18. Bf4 Qe7 19. Nf3 Rad8 20. b4 Nf7
21. Nd4 Nce5 22. Nf3 h6 23. Nh4 Kh7 24. Re3 Bc6 25. Rg3 Nxd3 26. Qxd3 Qxe4
27. Qxe4 Bxe4 28. Bd2 d5 29. Re1 Nd6 30. Rge3 Nc4 31. R3e2 Nxd2 32. Rxd2 Re5
33. g4 h5 34. Ng6 Ree8 35. h3 hxg4 36. hxg4 Kh6 37. Rde2 Kg5 38. c4 c6 39.
cxd5 cxd5 40. Rh2 d4 41. Rhe2 Bc6 42. Ne7 Kxg4 43. Nxc6 Rxe2 44. Rxe2 bxc6
45. Rf2 d3 46. Rf1 d2 47. Rd1 Kxf5 48. Kf2 g5 49. Ke2 g4 50. a4 g3 51. a5
bxa5 52. bxa5 Ra8 53. Rxd2 Rxa5 54. Kf3 Ra3+ 55. Kg2 Kg4 56. Rd4+ Kg5 57.
Kh3 f5 58. Rc4 f4 59. Rxc6 Kf5 60. Rc5+ Ke4 61. Rc4+ Ke3 62. Rc1 Ke2 63.
Rc2+ Kd1 64. Rb2 Rd3 65. Rb4 f3 66. Kxg3 Ke2 67. Re4+ Kf1 68. Rf4 f2+ 69.
Rf3 Rxf3+ 70. Kxf3 Kg1 71. Ke3 f1=Q 72. Kd4 Qf5 73. Ke3 Qg4 74. Kd2 Qf3 75.
Kc1 Qe2 76. Kb1 Kf2 77. Ka1 Ke3 78. Kb1 Kd3 79. Ka1 Kc3 80. Kb1 Qb2#
{White checkmated}
0-1

[Event "ICC tourney 2889 (30 10)"]
[Site "Internet Chess Club"]
[Date "2022.04.23"]
[Round "4"]
[White "WESLEY, GEORGE:Maglars"]
[Black "HELLER, JACK G:Maximusiv"]
[Result "0-1"]
[ICCResult "White resigns"]
[WhiteElo "949"]
[BlackElo "1021"]
[Opening "English opening"]
[ECO "A16"]
[NIC "EO.64"]
[Time "18:01:16"]
[PlyCount "198"]
[TimeControl "1800+10"]

1. c4 Nf6 2. Nc3 g6 3. g3 Bg7 4. Bg2 O-O 5. e3 Re8 6. d4 e5 7. dxe5 Rxe5 8.
Nf3 Re7 9. Rb1 Nc6 10. O-O d6 11. h3 Bf5 12. Ra1 Nb4 13. a3 Nc6 14. Nd4 Nxd4
15. exd4 c6 16. Re1 Qd7 17. g4 Rxe1+ 18. Qxe1 Bd3 19. b3 Re8 20. Qd1 Be4 21.
Nxe4 Nxe4 22. Qd3 Nf6 23. Bd2 Re7 24. Rc1 Qe8 25. Bf3 Ne4 26. Bb4 c5 27.
dxc5 Nxc5 28. Qc2 b6 29. Kg2 Be5 30. Rd1 a5 31. Bd2 Ne6 32. b4 Nf4+ 33. Bxf4
Bxf4 34. b5 Re1 35. Rxe1 Qxe1 36. Qe4 Qxe4 37. Bxe4 f6 38. a4 Kf7 39. f3 Ke6
40. Kf2 Ke5 41. Ke2 Kd4 42. Bd5 Kc3 43. Bg8 h6 44. Bf7 g5 45. Bd5 Kb4 46.
Kd3 Kxa4 47. Kc2 Kb4 48. Kb2 a4 49. Ka2 a3 50. Be6 Bc1 51. Bd5 Kc3 52. Be6
Kd3 53. Bd5 Ke2 54. Kb1 Bb2 55. Ka2 Kf2 56. Be4 Kg3 57. Bd5 Kxh3 58. Be4 Kh4
59. Bd3 h5 60. Be2 hxg4 61. fxg4 Kg3 62. Bd1 Kf4 63. Be2 f5 64. gxf5 Kxf5
65. Bd3+ Kf4 66. Be2 g4 67. Bf1 g3 68. Bg2 Ke3 69. Kb1 Kf2 70. Be4 g2 71.
Bxg2 Kxg2 72. Ka2 Kf3 73. Kb3 Ke3 74. Ka2 Kd3 75. Kb3 Bc1 76. c5 dxc5 77.
Ka2 c4 78. Ka1 c3 79. Kb1 Bb2 80. Ka2 Kc4 81. Kb1 Kxb5 82. Ka2 c2 83. Kb3
c1=N+ 84. Kc2 Kb4 85. Kb1 Nd3 86. Ka2 Bd4 87. Kb1 Nc5 88. Ka2 Bb2 89. Kb1 b5
90. Ka2 Na4 91. Kb1 a2+ 92. Kxa2 Kc3 93. Kb1 Ba3 94. Ka2 b4 95. Kb1 b3 96.
Ka1 Bc1 97. Kb1 b2 98. Ka2 Kc2 99. Ka3 b1=Q+ {White resigns} 0-1

[Event "ICC tourney 2889 (30 10)"]
[Site "Internet Chess Club"]
[Date "2022.04.23"]
[Round "5"]
[White "Zhong, Evan:zhangsai01"]
[Black "KUMBHARATHI, VEDANSH:vedansh98"]
[Result "1-0"]
[ICCResult "Black resigns"]
[WhiteElo "1017"]
[BlackElo "1013"]
[Opening "French: exchange variation"]
[ECO "C01"]
[NIC "FR.01"]
[Time "20:00:26"]
[PlyCount "47"]
[TimeControl "1800+10"]

1. e4 e6 2. d4 d5 3. exd5 exd5 4. c4 Nf6 5. Nc3 Be7 6. Nf3 O-O 7. Bd3 h6 8.
O-O b6 9. cxd5 Nxd5 10. Nxd5 Qxd5 11. Qc2 Qd7 12. Be3 Bb7 13. Ne5 Qd5 14. f3
Na6 15. Be4 Nb4 16. Bxd5 Nxc2 17. Bxb7 Nxe3 18. Rfe1 Nc2 19. Bxa8 Nxe1 20.
Be4 Bb4 21. a3 f5 22. Bd5+ Kh8 23. axb4 Nc2 24. Ng6+ {Black resigns} 1-0

[Event "ICC tourney 2889 (30 10)"]
[Site "Internet Chess Club"]
[Date "2022.04.23"]
[Round "5"]
[White "SATHISH, YUDESH:Yudichess"]
[Black "RAJ, ASHWATH:ashwathraj"]
[Result "0-1"]
[ICCResult "White checkmated"]
[WhiteElo "935"]
[BlackElo "1145"]
[Opening "Sicilian: Nimzovich-Rossolimo attack (without ...d6)"]
[ECO "B30"]
[NIC "SI.31"]
[Time "20:01:08"]
[PlyCount "102"]
[TimeControl "1800+10"]

1. e4 c5 2. Nf3 Nc6 3. Bb5 a6 4. Bxc6 dxc6 5. d4 cxd4 6. Qxd4 Bg4 7. Qxd8+
Rxd8 8. Nbd2 Nf6 9. O-O Bxf3 10. Nxf3 Nxe4 11. Re1 f5 12. Bf4 e6 13. Rad1
Be7 14. Rxd8+ Bxd8 15. Nd4 Bb6 16. Be3 Kf7 17. f3 f4 18. Bxf4 Bxd4+ 19. Be3
Bxe3+ 20. Rxe3 Nf6 21. Rb3 b5 22. Rc3 Rc8 23. Ra3 Ra8 24. Rc3 Rc8 25. Ra3
Rd8 26. Rc3 Rd6 27. Kf2 b4 28. Rb3 c5 29. Ke3 c4 30. Rxb4 Nd5+ 31. Kd4 Nxb4+
32. Kc5 Rd2 33. Kxb4 Rxc2 34. Ka3 Rxg2 35. Kb4 Rxb2+ 36. Kxc4 Rxh2 37. Kb4
Rxa2 38. Kb3 Rf2 39. Ka4 Rxf3 40. Kb4 Ke7 41. Kc4 Rf5 42. Kd4 Kd6 43. Ke4
Re5+ 44. Kd4 h5 45. Kd3 Kd5 46. Kc3 Re3+ 47. Kd2 Kd4 48. Kc2 Re2+ 49. Kb3 h4
50. Ka3 Kc4 51. Ka4 Ra2# {White checkmated} 0-1

[Event "ICC tourney 2889 (30 10)"]
[Site "Internet Chess Club"]
[Date "2022.04.23"]
[Round "5"]
[White "HELLER, JACK G:Maximusiv"]
[Black "HUANG, BRIAN:Checkmater2228"]
[Result "1-0"]
[ICCResult "Black checkmated"]
[WhiteElo "1021"]
[BlackElo "864"]
[Opening "King's pawn game"]
[ECO "C50"]
[NIC "IG.03"]
[Time "20:00:24"]
[PlyCount "85"]
[TimeControl "1800+10"]

1. e4 e5 2. Nf3 Nc6 3. Bc4 Nd4 4. c3 Nxf3+ 5. Qxf3 Nf6 6. d4 Bd6 7. O-O O-O
8. Bg5 h6 9. Bh4 c5 10. Bg3 cxd4 11. cxd4 Re8 12. Re1 Bc7 13. Qb3 Re7 14.
dxe5 Bxe5 15. Bxe5 Rxe5 16. Bxf7+ Kh8 17. Nc3 d6 18. f4 Re7 19. f5 Qd7 20.
Be6 Qd8 21. Bf7 Qd7 22. Bg6 b6 23. Nd5 Nxd5 24. Qxd5 Bb7 25. Qd4 Rc8 26. f6
gxf6 27. Bf5 Qe8 28. Bxc8 Bxc8 29. Qxf6+ Rg7 30. Qxh6+ Rh7 31. Qf6+ Rg7 32.
e5 dxe5 33. Rxe5 Qg8 34. Rh5+ Qh7 35. Rxh7+ Kxh7 36. Rc1 Bb7 37. Rc3 Rxg2+
38. Kf1 Rg7 39. Rh3+ Kg8 40. Qe6+ Rf7+ 41. Ke1 Kf8 42. Rh8+ Kg7 43. Qh6#
{Black checkmated}
1-0

[Event "ICC tourney 2889 (30 10)"]
[Site "Internet Chess Club"]
[Date "2022.04.23"]
[Round "5"]
[White "WU, DARREN:chessboy111"]
[Black "WU, TERRAIN:Brainstormer"]
[Result "0-1"]
[ICCResult "White resigns"]
[WhiteElo "768"]
[BlackElo "1083"]
[Opening "Giuoco Pianissimo: Italian four knights variation"]
[ECO "C47"]
[NIC "RG.01"]
[Time "20:00:24"]
[PlyCount "140"]
[TimeControl "1800+10"]

1. e4 e5 2. Nf3 Nf6 3. Nc3 Nc6 4. Bc4 Bc5 5. d3 h6 6. O-O O-O 7. Na4 Bb6 8.
Nxb6 cxb6 9. Be3 d6 10. h3 Ne7 11. Re1 Ng6 12. Qe2 Nh5 13. Nxe5 Ngf4 14.
Bxf4 Nxf4 15. Qe3 dxe5 16. Rad1 Qg5 17. Qg3 Qxg3 18. fxg3 Nh5 19. Re3 Be6
20. Bb3 Bxb3 21. axb3 Rac8 22. c3 Rfd8 23. d4 Nf6 24. d5 Rd6 25. c4 a6 26.
Rc1 Rc5 27. b4 Rc8 28. c5 bxc5 29. bxc5 Rdd8 30. Kf2 b6 31. c6 Rc7 32. Kf3
Kh7 33. Rd3 Rd6 34. h4 h5 35. b4 Nd7 36. Ra1 Nb8 37. g4 hxg4+ 38. Kxg4 Rcxc6
39. Rad1 Rc4 40. Kf3 Kh6 41. Rb3 Nc6 42. Rbb1 Nd4+ 43. Kf2 Rc2+ 44. Kf1 Rf6+
45. Kg1 Rg6 46. Kh1 Rc7 47. Rbc1 Rd7 48. Rc8 Kh5 49. Rh8+ Rh6 50. Rxh6+ gxh6
51. g3 Kg4 52. Kg2 Nc2 53. Rb1 b5 54. Kf2 Rd6 55. Rb3 Rf6+ 56. Kg2 Ne1+ 57.
Kg1 Nf3+ 58. Kg2 Nd2 59. Re3 Nc4 60. Rb3 Kh5 61. Kg1 Nd6 62. Re3 Rg6 63. Kg2
Rg8 64. Kh2 Rc8 65. Kh3 Rc4 66. g4+ Kg6 67. h5+ Kg5 68. Kg3 Rxe4 69. Rxe4
Nxe4+ 70. Kf3 Nd6 {White resigns} 0-1

[Event "ICC tourney 2889 (30 10)"]
[Site "Internet Chess Club"]
[Date "2022.04.23"]
[Round "5"]
[White "SARAVIA, KYLE AUSTIN:Kyle45"]
[Black "QIAO, RICHARDSON JINGSI:Richardsonqiao"]
[Result "0-1"]
[ICCResult "White checkmated"]
[WhiteElo "1298"]
[BlackElo "572"]
[Opening "Ruy Lopez: closed defense"]
[ECO "C84"]
[NIC "RL.13"]
[Time "20:00:20"]
[PlyCount "112"]
[TimeControl "1800+10"]

1. e4 e5 2. Nf3 Nc6 3. Bb5 a6 4. Ba4 Nf6 5. O-O Be7 6. Nc3 b5 7. Bb3 O-O 8.
d4 exd4 9. Nxd4 Nxd4 10. Qxd4 c5 11. Qe3 c4 12. e5 Ne8 13. Qf3 Nc7 14. Bf4
Rb8 15. Ne4 Bb7 16. Qe3 Nd5 17. Qf3 Nxf4 18. Qxf4 Bxe4 19. Qxe4 cxb3 20.
axb3 Qb6 21. Kh1 Rfc8 22. f4 Qc6 23. Qe3 Qxc2 24. f5 Re8 25. Qg3 f6 26. e6
dxe6 27. fxe6 Qc6 28. Rfe1 Bb4 29. Re2 Rbc8 30. h4 Rxe6 31. Rxe6 Qxe6 32. h5
Qf5 33. Qh4 a5 34. h6 gxh6 35. Qxh6 Qg6 36. Qh3 Re8 37. Rf1 Kg7 38. Qd7+ Re7
39. Qh3 Qh6 40. Qxh6+ Kxh6 41. Rxf6+ Kg7 42. Rb6 Re2 43. Rxb5 Rxb2 44. Rb7+
Kg6 45. Rb6+ Kf5 46. Rb5+ Ke4 47. Rb7 Rxb3 48. Rxh7 a4 49. Ra7 a3 50. Kh2
Bd6+ 51. Kg1 Bc5+ 52. Kh2 Bxa7 53. g4 a2 54. g5 a1=Q 55. g6 Qa2+ 56. Kh1
Rb1# {White checkmated} 0-1

[Event "ICC tourney 2889 (30 10)"]
[Site "Internet Chess Club"]
[Date "2022.04.23"]
[Round "5"]
[White "ANGEL, BORYS:BArkadia"]
[Black "HIBBS, ROBERT:BotanicalKnight"]
[Result "0-1"]
[ICCResult "White resigns"]
[WhiteElo "1399"]
[BlackElo "1359"]
[Opening "Caro-Kann: Steinitz variation"]
[ECO "B17"]
[NIC "CK.08"]
[Time "20:00:32"]
[PlyCount "134"]
[TimeControl "1800+10"]

1. e4 c6 2. d4 d5 3. Nc3 dxe4 4. Nxe4 Nd7 5. Nf3 Ngf6 6. Nxf6+ Nxf6 7. Bd3
Bg4 8. h3 Bxf3 9. Qxf3 Qxd4 10. O-O Qd5 11. Qe2 e6 12. c4 Qa5 13. Bf4 Be7
14. a3 O-O 15. Be5 Nd7 16. Bc3 Qc7 17. Qh5 g6 18. Qe2 Bf6 19. Bxf6 Nxf6 20.
f4 Nh5 21. Qf2 Rad8 22. Bc2 Rd7 23. g4 Ng7 24. b4 Rfd8 25. Rad1 Rxd1 26.
Bxd1 Qb6 27. c5 Qa6 28. f5 exf5 29. gxf5 Nxf5 30. Bc2 Rd5 31. Bb3 Rd3 32.
Qa2 Rd7 33. Bc4 b5 34. Bb3 Qc8 35. Qg2 Ne3 36. Rxf7 Rxf7 37. Bxf7+ Kxf7 38.
Qf3+ Nf5 39. Kf2 Qe6 40. h4 Qa2+ 41. Kg1 Qa1+ 42. Kg2 Qb2+ 43. Kh3 Qe5 44.
h5 g5 45. Kg4 Qg3+ 46. Qxg3 Nxg3 47. Kxg3 h6 48. Kg4 Kf6 49. Kf3 a6 50. Kg4
Ke5 51. Kf3 Kf5 52. Kg3 Ke5 53. Kf3 Kd4 54. Kg4 Ke4 55. Kg3 Ke3 56. Kg4 Ke4
57. Kg3 Kf5 58. Kf3 g4+ 59. Kg3 Kg5 60. Kg2 Kxh5 61. Kg3 Kg5 62. Kf2 Kf4 63.
Kg2 h5 64. Kh2 h4 65. Kg2 Ke4 66. Kf2 Kd3 67. Kg2 Kc3 {White resigns} 0-1